 Dungeon Crawl Stone Soup version 0.27-a0-1500-g450c7e4133 (webtiles) character file.

Game seed: 15624991042826981102

0 spiderkeys the Skirmisher (level 1, -3/16 HPs)
             Began as an Octopode Abyssal Knight on July 7, 2021.
             Was a Follower of Lugonu.
             Killed from afar by a starcursed mass (9 damage)
             ... with an accursed screaming
             ... on level 1 of the Abyss.
             The game lasted 00:01:33 (1065 turns).

spiderkeys the Skirmisher (Octopode Abyssal Knight) Turns: 1065, Time: 00:01:34

Health: -3/16      AC:  1    Str: 11    XL:     1   Next: 0%
Magic:  2/2        EV: 13    Int: 14    God:    Lugonu [*.....]
Gold:   0          SH:  0    Dex: 11    Spells: 0/0 levels left

rFire    . . .     SeeInvis .   a - +1 short sword
rCold    . . .     Faith    .   (no shield)
rNeg     . . .     Spirit   .   (helmet restricted)
rPois    .         Reflect  .   (no amulet)
rElec    .         Harm     .   (no ring)
rCorr    .         Rampage  .   (no ring)
Will     .....                  (no ring)
Stlth    ++........             (no ring)
HPRegen  0.05/turn              (no ring)
MPRegen  0.08/turn              (no ring)
                                (no ring)
                                (no ring)

@: no status effects
A: almost no armour, amphibious, 8 rings, camouflage 1, gelatinous body 1,
(nimble swimmer 1), tentacles
a: Renounce Religion, Depart the Abyss


You were on level 1 of the Abyss.
You worshipped Lugonu.
Lugonu was aware of your devotion.
You visited 0 branches of the dungeon, and saw 0 of its levels.
You visited the Abyss 1 time.


Innate Abilities, Weirdness & Mutations

You cannot wear most types of armour.
You are amphibious.
You can wear up to eight rings at the same time.
Your skin changes colour to match your surroundings (Stealth+).
Your rubbery body absorbs attacks. (AC +1, EV +1)
((You are camouflaged near water. (Stealth+)))
You have tentacles for arms and can constrict up to eight enemies at once.


   Skills:
 + Level 3.0 Fighting
 + Level 2.0 Short Blades
 + Level 2.3 Dodging
 + Level 0.0 Stealth
 + Level 2.0 Invocations


You couldn't memorise any spells.
You didn't know any spells.
Your spell library was empty.

Inventory:

Hand Weapons
 a - a +1 short sword (weapon)

Dungeon Overview and Level Annotations

Branches:
Dungeon (0/15)

Altars:

# # # ...##.# ##
# #..# #.#§##.#
. # . #.#..##.
## ##..... # #.
. # ###
###.##.##.# ##.
..## .
##.wX─#.##.@#
#.. .#.≈≈≈≈≈♣
#.###.\###..#.#.
#. #≈≈#... #..w.
.##...XX..### .
. # ..#..####
####X....#.## .
.# # #...
#..###.#. #.
#..# #### ##..
## $ .#§ #. #.#
. .### #... .##
. .. . #### #.


You could see 3 starcursed masses.


Message History

🤖 Initializing magus.rc ...
Options error: Delay interrupt name "hungry" not recognised. (~/.crawlrc:4988) ✅ Successfully initialized magus.rc [v1.9.10] Welcome, spiderkeys the Octopode Abyssal Knight.
It is said that the Orb of Zot exists deep within this dungeon.
Lugonu says: Depart the Abyss and spread corruption, my servant! (use the ability menu to exit the Abyss) Press ? for a list of commands and other information.
Found two leather armours.
Found a corrupted altar of Lugonu.
Found a corrupted altar of Lugonu.
Found a gateway leading out of the Abyss.
There is a gateway leading out of the Abyss here.
An angel comes into view. It is wielding a +3 whip of holy wrath.
There is a gateway leading out of the Abyss here.
Found a corrupted altar of Lugonu.
You start waiting.
Done waiting.
You start waiting.
Done waiting.
You start waiting.
Done waiting.
You start waiting.
Done waiting.
You start waiting.
Done waiting.
You start waiting.
Unknown command.
You start waiting.
You start waiting.
Unknown command.
You start waiting.
You start waiting.
Unknown command.
You start waiting.
Done waiting.
You start waiting.
A large abomination comes into view.
You see here an orange potion.
Found a viscous altar of Jiyva.
You see here 5 gold pieces.
You see here a scroll labelled GOSABODOCU.
b - a scroll labelled GOSABODOCU
As you read the scroll labelled GOSABODOCU, it crumbles to dust.
You feel strangely unstable.
You feel the power of the Abyss delaying your translocation!
It was a scroll of teleportation.
A large abomination comes into view.
You are suddenly pulled into a different region of the Abyss!
A starcursed mass comes into view.
A starcursed mass splits.
A tentacled starspawn comes into view.
Tentacles burst from the starspawn's body! 2 starspawn tentacles come into view.
A tentacle flies out from the starspawn's body!
A starspawn tentacle comes into view.
A starcursed mass splits.
The starspawn tentacle barely misses you.
A starcursed mass splits.
The starspawn tentacle grabs you.
The starspawn tentacle constricts you. 😕 HP[-3]
You take 3 damage, and now have 13/16 hp.
You escape the starspawn tentacle's grasp.
The starcursed mass touches you!
* * * LOW HITPOINT WARNING * * *
😨 HP[-7]
You take 7 damage, and now have 6/16 hp.
MASSIVE DAMAGE!! (PAUSE)
A chorus of shrieks assaults your mind.
Ouch! That really hurt!
You die...

Action                   || total
-------------------------++-------
  Use: Scroll            ||     1
Dodge: Dodged            ||     1

Levels and vault maps discovered:
Abyss:1:  base: Temple, evilmike_abyss_exit_8, minivault_28, base:
Temple

Notes
Turn   | Place    | Note
-------+----------+-------------------------------------------
     0 | Abyss:1  | spiderkeys the Octopode Abyssal Knight began the quest for
                  | the Orb.
     0 | Abyss:1  | Reached XP level 1. HP: 16/16 MP: 2/2
     0 | Abyss:1  | magus.rc [v1.9.10]
     0 | Abyss:1  | Found a corrupted altar of Lugonu.
    37 | Abyss:1  | Noticed an angel
    70 | Abyss:1  | Found a corrupted altar of Lugonu.
   974 | Abyss:1  | Noticed a large abomination
   975 | Abyss:1  | Found a corrupted altar of Lugonu.
   975 | Abyss:1  | Noticed a large abomination
   986 | Abyss:1  | Found a viscous altar of Jiyva.
  1015 | Abyss:1  | Noticed a large abomination
  1027 | Abyss:1  | Noticed a starcursed mass
  1053 | Abyss:1  | Noticed a tentacled starspawn
  1065 | Abyss:1  | Killed from afar by a starcursed mass

Vanquished Creatures (others)
  5 starspawn tentacles (Abyss:1)
5 creatures vanquished.

Table legend:
 A = Non-vault XP
 B = Vault XP
 C = Vault XP percentage of total XP
 D = Non-vault monster count
 E = Vault monster count
 F = Vault count percentage of total count
                 A         B        C        D         E       F
            +---------+---------+-------+---------+---------+-------
      Total |       0 |       0 |   N/A |       0 |       0 |  -nan
            +---------+---------+-------+---------+---------+-------
            +---------+---------+-------+---------+---------+-------

Illustrated notes

Table legend: (Time is in decaauts)
 A = Elapsed time spent in this place.
 B = Non-inter-level travel time spent in this place.
 C = Inter-level travel time spent in this place.
 D = Time resting spent in this place.
 E = Time spent auto-exploring this place.
 F = Levels seen in this place.
 G = Mean time per level.
                   A        B        C        D        E       F      G
               +--------+--------+--------+--------+--------+-----+--------+
         Total |   1065 |   1065 |      0 |    900 |     37 |   1 | 1065.0 |
         Abyss |   1065 |   1065 |      0 |    900 |     37 |   1 | 1065.0 |
               +--------+--------+--------+--------+--------+-----+--------+

Top non-repeatable levels by time:
 Abyss:1: 1065 daAuts
